 Dungeon Crawl Stone Soup version 0.28.0 (webtiles) character file.

Game seed: 4988478169358537882

11328 Dirian the Carver (level 11, -3/78 (101) HPs)
             Began as a Minotaur Fighter on Feb 9, 2022.
             Was a High Priest of Lugonu.
             Killed from afar by Josephine (13 damage)
             ... with a ghostly fireball
             ... on level 12 of the Dungeon.
             The game lasted 00:19:21 (12999 turns).

Dirian the Carver (Minotaur Fighter)               Turns: 12999, Time: 00:19:22

HP:   -3/78 (101)   AC: 18    Str: 21    XL:     11   Next: 47%
MP:   0/16          EV:  9    Int:  5    God:    Lugonu [*****.]
Gold: 546           SH:  7    Dex: 14    Spells: 10/10 levels left

rFire   . . .      SeeInvis .   E - +1 scimitar (drain)
rCold   . . .      Faith    .   c - +1 buckler
rNeg    . . .      Spirit   +   F - +4 chain mail
rPois   .          Reflect  .   l - +1 hat
rElec   .          Harm     .   (no cloak)
rCorr   .          Rampage  .   G - +0 pair of gloves
Will    .....                   k - +0 pair of boots
Stlth   ..........              f - amulet of guardian spirit
HPRegen 0.23/turn               (no ring)
MPRegen 0.15/turn               (no ring)

@: slowed, heavily drained, very slow
A: horns 2, retaliatory headbutt
a: Renounce Religion, Depart the Abyss, Bend Space, Banish, Corrupt, Enter the
Abyss


You were on level 12 of the Dungeon.
You worshipped Lugonu.
Lugonu was extremely pleased with you.
You visited 2 branches of the dungeon, and saw 13 of its levels.

You collected 546 gold pieces.

Inventory:

Hand Weapons
 a - a +1 long sword
 B - a +3 long sword of freezing
 E - a +1 scimitar of draining (weapon)
Missiles
 D - 2 throwing nets (quivered)
Armour
 c - a +1 buckler (worn)
 g - the +1 ring mail "Ykhohix" {rElec rC+ rN+ Dex+3}
   (You found it on level 4 of the Dungeon)

   Dex:       It affects your dexterity (+3).
   rC:        It protects you from cold.
   rElec:     It insulates you from electricity.
   rN:        It protects you from negative energy.
 k - a +0 pair of boots (worn)
 l - a +1 hat (worn)
 A - a +2 scale mail of fire resistance
 F - a +4 chain mail (worn)
 G - a +0 pair of gloves (worn)
Jewellery
 f - an amulet of guardian spirit (around neck)
 h - the ring "Pohullij" {rF- rC+ rN+ EV+4}
   (You found it on level 5 of the Dungeon)

   [ring of evasion]

   EV:        It affects your evasion (+4).
   rF:        It makes you vulnerable to fire.
   rC:        It protects you from cold.
   rN:        It protects you from negative energy.
Wands
 s - a wand of polymorph (12)
 u - a wand of flame (9)
 v - a wand of digging (6)
 x - a wand of paralysis (15)
 y - a wand of acid (12)
 I - a wand of charming (3)
Scrolls
 b - 2 scrolls of enchant armour
 e - 4 scrolls of noise
 j - 2 scrolls of fog
 m - 2 scrolls of amnesia
 r - 3 scrolls of identify
 t - 10 scrolls of teleportation
 z - 2 scrolls of blinking
 C - a scroll of immolation
 H - a scroll of enchant weapon
 J - a scroll of fear
Potions
 d - a potion of might
 i - 2 potions of brilliance {unknown}
 n - 2 potions of resistance
 o - a potion of mutation {unknown}
 p - a potion of attraction {unknown}
 q - 5 potions of curing
 w - 3 potions of heal wounds
 K - a potion of degeneration {unknown}


   Skills:
 + Level 10.4 Fighting
 + Level 11.9 Long Blades
 + Level 8.5 Armour
 - Level 5.0 Dodging
 + Level 8.7 Shields
 * Level 8.3 Invocations


You had 10 spell levels left.
You didn't know any spells.
Your spell library contained the following spells:

 Spells                   Type           Power      Damage    Failure   Level
 Ozocubu's Armour         Ice            0%         N/A       100%        3
 Stone Arrow              Conj/Erth      0%         3d7       100%        3
 Summon Guardian Golem    Hex/Summ       0%         N/A       100%        3
 Tukima's Dance           Hex            0%         N/A       100%        3
 Animate Armour           Summ/Erth      0%         N/A       100%        4
 Fulminant Prism          Conj/Hex       0%         3d6       100%        4
 Iskenderun's Mystic Bla  Conj/Tloc      0%         2d3       100%        4
 Olgreb's Toxic Radiance  Pois           0%         N/A       100%        4
 Passage of Golubria      Tloc           0%         N/A       100%        4
 Alistair's Intoxication  Tmut/Pois      0%         N/A       100%        5
 Borgnjor's Vile Clutch   Necr/Erth      0%         N/A       100%        5
 Fireball                 Conj/Fire      0%         3d3       100%        5
 Iskenderun's Battlesphe  Conj           0%         2d6       100%        5
 Lee's Rapid Deconstruct  Erth           0%         3d5*      100%        5
 Metabolic Englaciation   Hex/Ice        0%         N/A       100%        5
 Yara's Violent Unravell  Hex/Tmut       0%         3d3       100%        5
 Conjure Ball Lightning   Conj/Air       0%         3x3d6     100%        6
 Eringya's Noxious Bog    Tmut/Pois      0%         N/A       100%        6
 Simulacrum               Ice/Necr       0%         N/A       100%        6
 Orb of Destruction       Conj           0%         9d5       100%        7
 Ozocubu's Refrigeration  Ice            0%         4d5       100%        7
 Spellforged Servitor     Conj/Summ      0%         N/A       100%        7
 Ignition                 Fire           0%         3d3       100%        8
 Lehudib's Crystal Spear  Conj/Erth      0%         10d2      100%        8


Dungeon Overview and Level Annotations

Branches:
Dungeon (12/15)            Temple (1/1) D:5            Lair (0/6) D:11
    Orc (0/2) D:9

Altars:
Ashenzari
Cheibriados
Dithmenos
Elyvilon
Fedhas
Gozag
Hepliaklqana
Kikubaaqudgha
Makhleb
Nemelex Xobeh
Okawaru
Qazlal
Ru
Sif Muna
Trog
Uskayaw
Vehumet
Wu Jian
Xom
Yredelemnul
Zin
The Shining One
Lugonu

Shops:
D:4 (   D:8 :   D:12 (

Annotations:
D:4 2 runed translucent doors
D:12 Josephine


Innate Abilities, Weirdness & Mutations

You have a pair of horns on your head.
You reflexively headbutt those who attack you in melee.


Message History

Josephine shouts!
You hear two shouts!
A two-headed ogre comes into view.
It is wielding a +0 giant spiked club and a +0 giant club.
You closely miss the wraith.
You headbutt the wraith, but do no damage.
The wraith hits you. The wraith drains your vigour!
You feel yourself slow down. The wraith closely misses you.
You hit the wraith.
You headbutt the wraith, but do no damage.
The wraith is lightly damaged.
The wraith hits you but does no damage. You block the wraith's attack.
Josephine points at you and mumbles some strange words.
The ghostly flame explodes!
The ghostly fireball engulfs the wraith.
The wraith completely resists.
The ghostly fireball engulfs you!!
You feel drained.
The ghostly fireball engulfs the wraith.
The wraith completely resists.
The ghostly fireball engulfs Josephine.
Josephine completely resists.
The wraith hits you! The wraith drains your vigour!
You feel as though you will be slow longer.
Josephine grinds her teeth.
You block the wraith's attack.
You see here a +0 chain mail.
Josephine casts a spell at you.
The ghostly flame explodes!
The ghostly fireball engulfs you!!
You feel drained.
Josephine gestures at you while chanting.
The ghostly flame explodes!
The ghostly fireball engulfs you!!
You feel drained.
You hear a shout!
Josephine casts a spell at you.
The ghostly flame explodes!
The ghostly fireball engulfs you!!
You feel drained.
* * * LOW HITPOINT WARNING * * *
Josephine points at you and mumbles some strange words.
The ghostly flame explodes!
The ghostly fireball engulfs you.
You feel drained.
* * * LOW HITPOINT WARNING * * *
Josephine points at you and mumbles some strange words.
The ghostly flame explodes!
The ghostly fireball engulfs you!
You feel drained.
You die...

#.....# #..#
#.######.###.#### #..#####
#........# #O...####..#...#
#######..###W............<.
#......###..#.......#
#...W............#.##
#####..@#####.....#.#.#
......#.# #....##.#.##
#####..@# #...........
###># #...#####... #.#
#.....# .... #.# #..##.#
.... #.# #..##.##....
#.#####...........
#.........#.####..
#.#####.#.........
#.#..)..##..


You could see Josephine, a two-headed ogre and 2 wraiths.

Vanquished Creatures
  Harold (D:9)
  A boulder beetle (D:12)
  2 two-headed ogres
  3 ugly things
  A gargoyle (D:11)
  A hornet (D:10)
  A wyvern (D:7)
  16 yaks
  A wraith (D:11)
  2 steam dragons
  An acid dragon (D:12)
  A water moccasin (D:6)
  A sky beast (D:5)
  An ice beast (D:8)
  4 orc warriors
  A black bear (D:5)
  6 ogres
  4 centaurs
  A kobold brigand (D:7)
  3 bullfrogs
  A scorpion (D:5)
  A gnoll sergeant (D:11)
  A water moccasin zombie (D:6)
  9 killer bees (D:9)
  9 wights
  3 howler monkeys
  An electric eel (D:9)
  6 crimson imps (D:9)
  2 bullfrog zombies (D:5)
  3 centaur zombies
  2 hounds
  A jelly (D:6)
  A gnoll shaman (D:5)
  6 orc priests
  A bullfrog skeleton (D:6)
  An iguana (D:4)
  5 orc wizards
  A killer bee zombie (D:6)
  2 hound zombies (D:5)
  A howler monkey zombie (D:8)
  6 adders
  10 gnolls
  3 shadow imps
  3 white imps
  An adder skeleton (D:4)
  2 worms
  A dart slug (D:1)
  25 orcs
  5 bats
  6 endoplasms
  3 giant cockroaches
  2 goblins
  5 hobgoblins
  9 jackals (D:4)
  5 quokkas
  7 ball pythons
  13 kobolds
  A rat (D:1)
216 creatures vanquished.

Vanquished Creatures (others)
  An orc wizard (D:6)
  An orc (D:6)
2 creatures vanquished.

Grand Total: 218 creatures vanquished

Notes
Turn   | Place    | Note
-------+----------+-------------------------------------------
     0 | D:1      | Dirian the Minotaur Fighter began the quest for the Orb.
     0 | D:1      | Reached XP level 1. HP: 19/19 MP: 0/0
   151 | D:1      | Reached XP level 2. HP: 27/27 MP: 1/1
   777 | D:2      | Reached skill level 3 in Long Blades
  1022 | D:2      | Reached XP level 3. HP: 24/33 MP: 2/2
  1263 | D:2      | Found a faded altar of an unknown god.
  1434 | D:2      | Prayed at the altar of an unknown god.
  1434 | D:2      | Became a worshipper of Lugonu the Unformed
  1434 | D:2      | Reached * piety under Lugonu
  1434 | D:2      | Reached ** piety under Lugonu
  2267 | D:3      | Found an ancient bone altar of Kikubaaqudgha.
  2273 | D:3      | Found a glowing golden altar of the Shining One.
  2273 | D:3      | Found a snail-covered altar of Cheibriados.
  2444 | D:4      | Noticed an ogre
  2476 | D:4      | HP: 1/33 [ogre (3)]
  2482 | D:4      | Killed an ogre
  2483 | D:4      | Reached skill level 4 in Long Blades
  2483 | D:4      | Reached XP level 4. HP: 3/41 MP: 3/3
  2849 | D:4      | Reached XP level 5. HP: 47/47 MP: 4/4
  3013 | D:4      | Found Yxeuj's Antique Weapon Shoppe.
  3190 | D:4      | Noticed an ogre
  3392 | D:4      | Found a large runed translucent door.
  3399 | D:4      | Found a large runed translucent door.
  3403 | D:4      | Found a large runed translucent door.
  3403 | D:4      | Found a large runed translucent door.
  3446 | D:4      | Reached *** piety under Lugonu
  3509 | D:4      | Killed an ogre
  3510 | D:4      | Reached skill level 5 in Fighting
  3510 | D:4      | Reached skill level 5 in Long Blades
  3510 | D:4      | Reached skill level 5 in Armour
  3510 | D:4      | Reached skill level 5 in Shields
  3510 | D:4      | Reached XP level 6. HP: 56/56 MP: 5/5
  4110 | D:4      | Reached skill level 1 in Dodging
  4118 | D:4      | Identified the +1 ring mail "Ykhohix" {rElec rC+ rN+ Dex+3}
  4142 | D:5      | Entered Level 5 of the Dungeon
  4144 | D:5      | Noticed a sky beast
  4164 | D:5      | Killed a sky beast
  4165 | D:5      | Reached skill level 6 in Long Blades
  4165 | D:5      | Reached XP level 7. HP: 43/61 MP: 3/6
  4405 | D:5      | Found a staircase to the Ecumenical Temple.
  4430 | Temple   | Entered the Ecumenical Temple
  5087 | D:5      | Reached skill level 7 in Long Blades
  5468 | D:5      | Identified the ring "Pohullij" {rF- rC+ rN+ EV+4}
  5710 | D:6      | Noticed a steam dragon
  5801 | D:6      | Found a broken altar of Ashenzari.
  5856 | D:6      | Reached XP level 8. HP: 71/71 MP: 5/7
  5866 | D:6      | Reached skill level 8 in Long Blades
  6445 | D:6      | Reached skill level 9 in Long Blades
  6952 | D:6      | Reached skill level 5 in Dodging
  7160 | D:7      | Noticed a kobold demonologist
  7218 | D:7      | Reached skill level 1 in Invocations
  7218 | D:7      | Reached XP level 9. HP: 64/81 MP: 5/8
  7317 | D:7      | Found a glowing silver altar of Zin.
  7338 | D:7      | Found a sacrificial altar of Ru.
  7348 | D:7      | Found a shimmering altar of Xom.
  7472 | D:7      | Reached **** piety under Lugonu
  7605 | D:7      | Reached skill level 10 in Long Blades
  8161 | D:8      | Found Majoh's Book Shop.
  9349 | D:9      | Noticed a green ugly thing
  9371 | D:9      | HP: 4/82 [green ugly thing (4)]
  9373 | D:9      | Killed a green ugly thing
  9374 | D:9      | Reached XP level 10. HP: 18/90 MP: 3/12
  9749 | D:9      | Reached skill level 5 in Invocations
  9766 | D:9      | Reached ***** piety under Lugonu
 10292 | D:9      | Noticed Harold
 10307 | D:9      | Killed Harold
 10308 | D:9      | Reached skill level 11 in Long Blades
 10729 | D:9      | Found a blossoming altar of Fedhas.
 10918 | D:9      | Found a shadowy altar of Dithmenos.
 10919 | D:9      | Found a hazy altar of Hepliaklqana.
 10959 | D:9      | Found a staircase to the Orcish Mines.
 11080 | D:10     | Entered Level 10 of the Dungeon
 11505 | D:10     | Reached XP level 11. HP: 68/99 MP: 9/15
 12084 | D:11     | Noticed a white ugly thing
 12092 | D:11     | Killed a white ugly thing
 12093 | D:11     | Reached skill level 10 in Fighting
 12118 | D:11     | Noticed a death yak
 12119 | D:11     | Found a staircase to the Lair.
 12120 | D:11     | Noticed a death yak
 12120 | D:11     | Noticed a death yak
 12220 | D:11     | Noticed a two-headed ogre
 12224 | D:11     | Killed a two-headed ogre
 12295 | D:12     | Noticed a two-headed ogre
 12468 | D:12     | Found Jasuaz's Firing Range.
 12513 | D:12     | Killed a two-headed ogre
 12515 | D:12     | Noticed a boulder beetle
 12776 | D:12     | Noticed a brown ugly thing
 12786 | D:12     | Killed a brown ugly thing
 12810 | D:12     | Killed a boulder beetle
 12982 | D:12     | Noticed Josephine
 12982 | D:12     | Noticed a two-headed ogre
 12999 | D:12     | Killed from afar by Josephine

Illustrated notes

Levels and vault maps discovered:
D:1:      minmay_arrival_stone_box, layout_loops_ring
D:2:      layout_rooms, shapermc_ecumenical_altar_venn,
          kennysheep_generic_room_10
D:3:      layout_loops_corners, minitemple
D:4:      layout_basic, serial_shops, nicolae_shop_hallway_stairs, hex_large,
          minmay_hollow_rounded_squares
D:5:      layout_rooms, minmay_temple_entry_grid, hangedman_minor_gate_pass
D:6:      layout_gridville, cheibrodos_ashenzari_chains
D:7:      layout_cave_pools, old_standard_altar,
          mainiacjoe_overflow_surrounded_room, nicolae_overflow_crystal_walls
D:8:      layout_basic, serial_shops, nicolae_shop_behind_doors
D:9:      layout_loops_ring, riverfiend_overflow_shadow_ancestor,
          lemuel_coloured_pillars_altar, erik_orc_2, minmay_nine_imps,
          uniq_harold
D:10:     layout_basic
D:11:     layout_irregular_city, dpeg_lair_monsters
D:12:     layout_loops_ring, nicolae_shop_firing_range, uniq_josephine,
          uniq_rupert
Temple:   minmay_temple_bridge_abc

Skill      XL: |  1  2  3  4  5  6  7  8  9 10 11 |
---------------+----------------------------------+-----
Armour         | 4 5 6 7 8 |  8.5
Shields        | 4 5 6 8 |  8.7
Fighting       | 4 5 6 7 8 9 10 | 10.4
Long Blades    | 3 4 5 6 7 9 10 11 | 11.9
Dodging        | 1 3 5 |  5.0
Invocations    | 1 4 7 8 |  8.3

Action                   |  1- 3 |  4- 6 |  7- 9 | 10-12 || total
-------------------------+-------+-------+-------+-------++-------
Melee: Long sword        |    73 |    94 |   323 |    96 ||   586
       Headbutt          |    11 |    17 |    66 |    83 ||   177
       Scimitar          |       |       |       |   186 ||   186
Invok: Banish            |       |       |       |     2 ||     2
       Bend Space        |       |       |       |     1 ||     1
  Use: Scroll            |     8 |     1 |     2 |       ||    11
       Potion            |       |       |     3 |       ||     3
Armor: Scale mail        |    25 |       |       |       ||    25
       Chain mail        |       |    54 |       |    37 ||    91
       Ring mail         |       |     8 |   103 |    35 ||   146
Dodge: Dodged            |    36 |    30 |   166 |    91 ||   323
Block: Buckler           |    13 |    32 |   108 |    70 ||   223
